 Dungeon Crawl Stone Soup version 0.29.1-14-g9c671dbff4 (webtiles) character file.

Game seed: 5434087484157232611

114 LustLizard the Covert (level 4, -2/32 HPs)
             Began as a Gnoll Wanderer on Feb 16, 2023.
             Was a Follower of Cheibriados.
             Slain by a centaur (3 damage)
             ... on level 4 of the Dungeon.
             The game lasted 00:08:04 (3680 turns).

LustLizard the Covert (Gnoll Wanderer)              Turns: 3680, Time: 00:08:04

Health: -2/32      AC:  6    Str: 15    XL:     4   Next: 98%
Magic:  8/8        EV: 11    Int: 14    God:    Cheibriados [*.....]
Gold:   186        SH:  0    Dex: 19    Spells: 4/9 levels left

rFire   . . .      SeeInvis .   v - +0 sling
rCold   . . .      Faith    .   (no shield)
rNeg    . . .      Spirit   .   r - +0 ring mail
rPois   .          Reflect  .   (no helmet)
rElec   .          Harm     .   (no cloak)
rCorr   .          Rampage  .   (no gloves)
Will    .....                   (no boots)
Stlth   ++++......              (no amulet)
HPRegen 0.10/turn               u - +6 ring of dexterity
MPRegen 0.11/turn               (no ring)

@: very slow
A: fangs 1, strong nose, distributed training
a: Renounce Religion, Bend Time


You were on level 4 of the Dungeon.
You worshipped Cheibriados.
Cheibriados was aware of your devotion.
You visited 1 branch of the dungeon, and saw 4 of its levels.

You collected 186 gold pieces.

Inventory:

Hand Weapons
 a - a +0 dagger
 g - a +0 trident
 v - a +0 sling (weapon)
Missiles
 b - 18 poisoned darts
 c - 2 datura-tipped darts
 e - an atropa-tipped dart
 i - 20 stones
Armour
 d - a +0 scale mail
 r - a +0 ring mail (worn)
Jewellery
 u - a +6 ring of dexterity (left hand)
Scrolls
 h - a scroll of identify
 j - 2 scrolls of butterflies {unknown}
 k - 3 scrolls of teleportation
 l - a scroll of fear {unknown}
 n - a scroll of magic mapping {unknown}
 o - a scroll of vulnerability {unknown}
 t - a scroll of silence {unknown}
 w - a scroll of enchant weapon {unknown}
Potions
 f - a potion of lignification
 m - 2 potions of resistance
 p - a potion of haste
 q - a potion of curing {unknown}
 s - a potion of brilliance {unknown}


   Skills:
 + Level 1.3 Fighting
 + Level 1.3 Short Blades
 + Level 1.3 Long Blades
 + Level 1.3 Axes
 + Level 1.3 Maces & Flails
 + Level 1.3 Polearms
 + Level 1.3 Staves
 + Level 1.3 Ranged Weapons
 + Level 1.3 Throwing
 + Level 6.6 Armour
 + Level 1.3 Dodging
 + Level 9.6 Stealth
 + Level 1.3 Shields
 + Level 1.3 Unarmed Combat
 + Level 3.1 Spellcasting
 + Level 1.1 Conjurations
 + Level 2.3 Hexes
 + Level 1.1 Summonings
 + Level 1.1 Necromancy
 + Level 1.1 Translocations
 + Level 1.1 Transmutations
 + Level 1.1 Fire Magic
 + Level 1.1 Ice Magic
 + Level 1.1 Air Magic
 + Level 1.1 Earth Magic
 + Level 1.1 Poison Magic
 + Level 1.5 Invocations
 + Level 1.3 Evocations


You had 4 spell levels left.
You knew the following spells:

 Your Spells              Type           Power      Damage    Failure   Level
a - Slow                  Hex            32%        N/A       14%         1
b - Inner Flame           Hex/Fire       7%         N/A       50%         3
c - Summon Small Mammal   Summ           20%        N/A       24%         1

Your spell library contained the following spells:

 Spells                   Type           Power      Damage    Failure   Level
 Apportation              Tloc           10%        N/A       24%         1
 Necrotise                Necr           20%        1d5       24%         1


Dungeon Overview and Level Annotations

Branches:
Dungeon (4/15)
 Temple: D:4-7

Altars:
Cheibriados


Innate Abilities, Weirdness & Mutations

You have very sharp teeth.
Your uncanny sense of smell can sniff out nearby items.
Your experience applies equally to all skills.


Message History

Done exploring.
There is a stone staircase leading down here.
You climb downwards.
There is a stone staircase leading up here.
v - a +0 sling (weapon)
A ball python comes into view.
You shoot a sling bullet. The sling bullet hits the ball python.
You kill the ball python!
Cheibriados appreciates the change of pace.
No target in view!
A kobold comes into view. It is wielding a +0 dagger.
You shoot a sling bullet. The sling bullet hits the kobold.
You kill the kobold!
Cheibriados appreciates the change of pace.
No target in view!
Found a stone staircase leading down.
A centaur and a hobgoblin come into view.
You shoot a sling bullet. The sling bullet hits the hobgoblin.
The hobgoblin shouts!
The hobgoblin is moderately wounded.
The centaur shouts!
The centaur wields a +0 shortbow.
The centaur shoots an arrow.
The arrow hits you.
You shoot a sling bullet.
The sling bullet closely misses the hobgoblin.
You shoot a sling bullet.
The sling bullet barely misses the centaur.
The centaur shoots an arrow.
The arrow closely misses you.
A phantom comes into view.
You shoot a sling bullet.
The sling bullet barely misses the phantom.
The centaur shoots an arrow.
The arrow hits you! The hobgoblin attacks as you move away!
The hobgoblin hits you but does no damage.
The centaur shoots an arrow.
The arrow barely misses you.
The centaur shoots an arrow.
The arrow hits you!
* * * LOW HITPOINT WARNING * * *
The hobgoblin closely misses you.
The centaur unwields a +0 shortbow.
The centaur hits you.
You die...

#....#.....#
#####.#
......+.....#
#.....#
...######....##
#.##### .#
#....# #.#
#....# #.#
#....# #.#
##.### #....#
#@##.# ##c##.#
#.g##.# #W#.#.#
.....).....#
#.#.#.#.##.#
........ .#
#.#.#.#!# .#
#.......>.


You could see a phantom, a centaur and a hobgoblin.

Vanquished Creatures
  4 gnolls
  An adder (D:2)
  A worm (D:3)
  2 dart slugs
  9 ball pythons
  5 bats
  7 endoplasms
  A giant cockroach (D:1)
  7 goblins
  5 hobgoblins
  4 jackals
  A quokka (D:1)
  A frilled lizard (D:3)
  6 kobolds
  2 rats (D:1)
56 creatures vanquished.

Notes
Turn   | Place    | Note
-------+----------+-------------------------------------------
     0 | D:1      | Reached skill level 9 in Stealth
     0 | D:1      | LustLizard the Gnoll Wanderer began the quest for the Orb.
     0 | D:1      | LustLizard set off with the following items: a +0 dagger,
                  | an atropa-tipped dart, 2 datura-tipped darts, a +0 scale
                  | mail, a scroll of blinking; and the following spell
                  | memorised: Slow; and the following spells available to
                  | memorise: Inner Flame.
     0 | D:1      | Reached XP level 1. HP: 13/13 MP: 4/4
   428 | D:1      | Reached XP level 2. HP: 19/19 MP: 5/5
   725 | D:1      | Reached XP level 3. HP: 24/25 MP: 7/7
   729 | D:1      | Learned a level 3 spell: Inner Flame
   846 | D:1      | You fall into a shaft and drop 1 floor!
  1089 | D:1      | Found a faded altar of an unknown god.
  1199 | D:2      | Reached skill level 1 in Invocations
  1203 | D:2      | Found a snail-covered altar of Cheibriados.
  1219 | D:2      | Became a worshipper of Cheibriados the Contemplative
  1716 | D:2      | Reached skill level 1 in Fighting
  1716 | D:2      | Reached skill level 1 in Short Blades
  1716 | D:2      | Reached skill level 1 in Long Blades
  1716 | D:2      | Reached skill level 1 in Axes
  1716 | D:2      | Reached skill level 1 in Maces & Flails
  1716 | D:2      | Reached skill level 1 in Polearms
  1716 | D:2      | Reached skill level 1 in Staves
  1716 | D:2      | Reached skill level 1 in Ranged Weapons
  1716 | D:2      | Reached skill level 1 in Throwing
  1716 | D:2      | Reached skill level 1 in Dodging
  1716 | D:2      | Reached skill level 1 in Shields
  1716 | D:2      | Reached skill level 1 in Unarmed Combat
  1716 | D:2      | Reached skill level 1 in Evocations
  1856 | D:2      | Reached XP level 4. HP: 29/32 MP: 8/8
  2607 | D:3      | Reached skill level 1 in Conjurations
  2607 | D:3      | Reached skill level 1 in Summonings
  2607 | D:3      | Reached skill level 1 in Necromancy
  2607 | D:3      | Reached skill level 1 in Translocations
  2607 | D:3      | Reached skill level 1 in Transmutations
  2607 | D:3      | Reached skill level 1 in Fire Magic
  2607 | D:3      | Reached skill level 1 in Ice Magic
  2607 | D:3      | Reached skill level 1 in Air Magic
  2607 | D:3      | Reached skill level 1 in Earth Magic
  2607 | D:3      | Reached skill level 1 in Poison Magic
  3072 | D:3      | Reached * piety under Cheibriados
  3151 | D:3      | Learned a level 1 spell: Summon Small Mammal
  3454 | D:4      | Noticed an ogre
  3673 | D:4      | Noticed a centaur
  3676 | D:4      | Noticed a phantom
  3679 | D:4      | HP: 1/32 [centaur/arrow (15)]
  3680 | D:4      | Slain by a centaur

Illustrated notes

Levels and vault maps discovered:
D:1:      sevenhm_arrival_forest_fort_small_5, layout_basic,
          shapermc_ecumenical_altar_mp_highgroup, minmay_octomino_e4
D:2:      layout_rooms, basic_altar, chequers_serial_rivers_micro_c
D:3:      wander_river, layout_rooms
D:4:      layout_basic, temple_doors_e, st_stairs_9, minivault_24,
          uniq_blork_the_orc

Skill      XL: |  1  2  3  4 |
---------------+-------------+-----
Stealth        | |  9.6
Hexes          | 2 |  2.3
Invocations    | 1 |  1.5
Fighting       | 1 |  1.3
Short Blades   | 1 |  1.3
Long Blades    | 1 |  1.3
Axes           | 1 |  1.3
Maces & Flails | 1 |  1.3
Polearms       | 1 |  1.3
Staves         | 1 |  1.3
Ranged Weapons | 1 |  1.3
Throwing       | 1 |  1.3
Dodging        | 1 |  1.3
Shields        | 1 |  1.3
Unarmed Combat | 1 |  1.3
Evocations     | 1 |  1.3
Spellcasting   | 3 |  3.1
Conjurations   | 1 |  1.1
Summonings     | 1 |  1.1
Necromancy     | 1 |  1.1
Translocations | 1 |  1.1
Transmutations | 1 |  1.1
Fire Magic     | 1 |  1.1
Ice Magic      | 1 |  1.1
Air Magic      | 1 |  1.1
Earth Magic    | 1 |  1.1
Poison Magic   | 1 |  1.1
Armour         | |  6.6

Action                   |  1- 3 |  4- 6 || total
-------------------------+-------+-------++-------
Melee: Dagger            |    33 |     8 ||    41
       Trident           |    64 |    57 ||   121
       Bite              |     7 |     9 ||    16
       Short sword       |    51 |       ||    51
       Punch             |       |     1 ||     1
 Fire: Sling             |       |    11 ||    11
Throw: Stone             |       |    16 ||    16
       Dart              |       |    14 ||    14
Invok: Bend Time         |       |     1 ||     1
  Use: Scroll            |       |     5 ||     5
 Stab: Sleeping          |     7 |     1 ||     8
Armor: Scale mail        |    68 |       ||    68
       Ring mail         |     8 |    24 ||    32
Dodge: Dodged            |    89 |    43 ||   132
